 Dungeon Crawl Stone Soup version 0.22.1-1-ga44c0e5 (webtiles) character file.

205 Anon1729 the Cudgeler (level 5, 0/37 HPs)
             Began as a Gnoll Wanderer on Nov 2, 2018.
             Slain by an orc wizard
             ... wielding a +0 dagger
              (2 damage)
             ... on level 3 of the Dungeon.
             The game lasted 00:04:25 (3443 turns).

Anon1729 the Cudgeler (Gnoll Wanderer)              Turns: 3443, Time: 00:04:26

Health: 0/37       AC:  7    Str: 17    XL:     5   Next: 83%
Magic:  9/9        EV: 11    Int: 15    God:
Gold:   159        SH:  0    Dex: 14    Spells: 10/10 levels left

rFire    . . .     SeeInvis .   a - +2 mace
rCold    . . .     Gourm    .   (no shield)
rNeg     . . .     Faith    .   b - +0 ring mail
rPois    .         Spirit   .   (no helmet)
rElec    .         Reflect  .   (no cloak)
rCorr    .         Harm     .   i - +0 pair of gloves
MR       .....                  (no boots)
Stlth    ++........             (no amulet)
HPRegen  0.12/turn              g - +2 ring of intelligence
MPRegen  0.11/turn              r - ring of wizardry

@: no status effects
A: distributed training, fangs 1, strong nose
a: no special abilities


You were on level 3 of the Dungeon.
You were not hungry.

You visited 1 branch of the dungeon, and saw 3 of its levels.

You collected 159 gold pieces.

Inventory:

Hand Weapons
 a - a +2 mace (weapon)
 c - a +0 dagger
 f - a +2 quarterstaff of chaos
Missiles
 j - 3 javelins (quivered)
Armour
 b - a +0 ring mail (worn)
 i - a +0 pair of gloves (worn)
 p - a +0 cloak
Jewellery
 g - a +2 ring of intelligence (left hand)
 r - a ring of wizardry (right hand)
Scrolls
 e - a scroll of immolation {unknown}
 h - 2 scrolls of remove curse {unknown}
 k - a scroll of enchant weapon {unknown}
 l - 2 scrolls of amnesia {unknown}
 o - a scroll of identify {unknown}
 q - a scroll of fear {unknown}
Potions
 m - a potion of lignification {unknown}
 n - a potion of brilliance {unknown}
 s - a potion of heal wounds {unknown}
Comestibles
 d - 5 rations
 t - a chunk of flesh


   Skills:
 + Level 1.6 Fighting
 + Level 1.6 Short Blades
 + Level 1.6 Long Blades
 + Level 1.6 Axes
 + Level 6.7 Maces & Flails
 + Level 1.6 Polearms
 + Level 1.6 Staves
 + Level 1.6 Slings
 + Level 1.6 Bows
 + Level 1.6 Crossbows
 + Level 1.6 Throwing
 + Level 4.8 Armour
 + Level 1.6 Dodging
 + Level 4.4 Stealth
 + Level 1.6 Shields
 + Level 1.6 Unarmed Combat
 + Level 3.2 Spellcasting
 + Level 1.3 Conjurations
 + Level 4.0 Hexes
 + Level 1.3 Charms
 + Level 1.3 Summonings
 + Level 1.3 Necromancy
 + Level 1.3 Translocations
 + Level 1.3 Transmutations
 + Level 1.3 Fire Magic
 + Level 1.3 Ice Magic
 + Level 1.3 Air Magic
 + Level 1.3 Earth Magic
 + Level 1.3 Poison Magic
 + Level 1.8 Invocations
 + Level 1.6 Evocations


You had 10 spell levels left.
You didn't know any spells.
Your spell library was empty.

Dungeon Overview and Level Annotations

Branches:
Dungeon (3/15)

Altars:
Ashenzari
Nemelex Xobeh
Trog
Uskayaw
Wu Jian

Annotations:
D:3 2 runed doors, MagicFarmer's ghost, amateur CeFi


Innate Abilities, Weirdness & Mutations

Your experience applies equally to all skills.
You have very sharp teeth.
Your uncanny sense of smell can sniff out nearby items.


Message History

The orc wizard hits you with a dagger.
* * * LOW HITPOINT WARNING * * *
Some of the chunks of flesh in your inventory have rotted away.
You hit the orc wizard.
The orc wizard is severely wounded.
The orc wizard points at you and mumbles some strange words.
The magic dart hits you!
* * * LOW HITPOINT WARNING * * *
Unknown command.
Okay, then.
You aren't carrying any items that you can evoke.
Unknown command.
You closely miss the orc wizard.
You bite the orc wizard, but do no damage.
The orc wizard is severely wounded.
The orc wizard hits you but does no damage. x2
You miss the orc wizard.
The orc wizard is severely wounded.
The orc wizard hits you with a dagger.
You die...

#.........<.###.#.##.#
#..... #.####......#
#.#.##)#######....# #.#
#.....o###.#.##.##..........
#.#
#...........................
#.#
#......#####.##.##..........
#.# #......#
#####.#######..... #.#
#......# #.))..# #..... ..#
######## #o##### #...## .##
#@# ##...## #.# #.....# #.#
#.#)#.# #.##########.#.#.# ∆
..##.........#....
####.#####........
#.#####...###.#
#.##........<.#
#.##.##.##...##


You could see an orc wizard.

Vanquished Creatures
  An orc priest (D:3)
  Crazy Yiuf (D:2)
  An orc wizard (D:3)
  Jessica (D:3)
  2 adders
  An ooze (D:2)
  2 worms (D:3)
  A dart slug (D:2)
  3 orcs
  A ball python (D:3)
  3 giant cockroaches
  6 goblins
  6 hobgoblins
  4 jackals (D:3)
  6 bats
  5 frilled lizards
  4 kobolds
  16 rats
64 creatures vanquished.

Notes
Turn   | Place    | Note
-------+----------+-------------------------------------------
     0 | D:1      | Anon1729 the Gnoll Wanderer began the quest for the Orb.
     0 | D:1      | Anon1729 set off with: a +2 mace, a +0 ring mail, a +0
                  | dagger, a ration
     0 | D:1      | Reached XP level 1. HP: 13/13 MP: 4/4
   454 | D:1      | Reached XP level 2. HP: 19/19 MP: 5/5
  1049 | D:2      | Reached XP level 3. HP: 20/25 MP: 7/7
  1224 | D:2      | Reached skill level 1 in Invocations
  1243 | D:2      | Found a sparkling altar of Nemelex Xobeh.
  1282 | D:2      | Found a hide-covered altar of Uskayaw.
  1284 | D:2      | Found a shattered altar of Ashenzari.
  1286 | D:2      | Found a bloodstained altar of Trog.
  1286 | D:2      | Found an ornate altar of the Wu Jian Council.
  1589 | D:2      | Found a runed door.
  1767 | D:2      | Noticed Crazy Yiuf
  1781 | D:2      | Killed Crazy Yiuf
  1781 | D:2      | Reached skill level 1 in Fighting
  1781 | D:2      | Reached skill level 1 in Short Blades
  1781 | D:2      | Reached skill level 1 in Long Blades
  1781 | D:2      | Reached skill level 1 in Axes
  1781 | D:2      | Reached skill level 1 in Polearms
  1781 | D:2      | Reached skill level 1 in Staves
  1781 | D:2      | Reached skill level 1 in Slings
  1781 | D:2      | Reached skill level 1 in Bows
  1781 | D:2      | Reached skill level 1 in Crossbows
  1781 | D:2      | Reached skill level 1 in Throwing
  1781 | D:2      | Reached skill level 1 in Dodging
  1781 | D:2      | Reached skill level 1 in Shields
  1781 | D:2      | Reached skill level 1 in Unarmed Combat
  1781 | D:2      | Reached skill level 1 in Evocations
  1781 | D:2      | Reached XP level 4. HP: 15/32 MP: 8/8
  2318 | D:3      | Noticed an orc warrior
  2322 | D:3      | Reached skill level 1 in Conjurations
  2322 | D:3      | Reached skill level 1 in Charms
  2322 | D:3      | Reached skill level 1 in Summonings
  2322 | D:3      | Reached skill level 1 in Necromancy
  2322 | D:3      | Reached skill level 1 in Translocations
  2322 | D:3      | Reached skill level 1 in Transmutations
  2322 | D:3      | Reached skill level 1 in Fire Magic
  2322 | D:3      | Reached skill level 1 in Ice Magic
  2322 | D:3      | Reached skill level 1 in Air Magic
  2322 | D:3      | Reached skill level 1 in Earth Magic
  2322 | D:3      | Reached skill level 1 in Poison Magic
  2705 | D:3      | Noticed Jessica
  2710 | D:3      | Killed Jessica
  2710 | D:3      | Reached XP level 5. HP: 37/37 MP: 9/9
  2711 | D:3      | Found a runed door.
  2733 | D:3      | Noticed MagicFarmer's ghost (amateur CeFi)
  2807 | D:3      | HP: 1/37 [hobgoblin/club (2)]
  3347 | D:3      | Found a runed door.
  3443 | D:3      | Slain by an orc wizard

Skill      XL: |  1  2  3  4  5 |
---------------+----------------+-----
Invocations    | 1 |  1.8
Fighting       | 1 |  1.6
Short Blades   | 1 |  1.6
Long Blades    | 1 |  1.6
Axes           | 1 |  1.6
Polearms       | 1 |  1.6
Staves         | 1 |  1.6
Slings         | 1 |  1.6
Bows           | 1 |  1.6
Crossbows      | 1 |  1.6
Throwing       | 1 |  1.6
Dodging        | 1 |  1.6
Shields        | 1 |  1.6
Unarmed Combat | 1 |  1.6
Spellcasting   | 3 |  3.2
Evocations     | 1 |  1.6
Conjurations   | 1 |  1.3
Charms         | 1 |  1.3
Summonings     | 1 |  1.3
Necromancy     | 1 |  1.3
Translocations | 1 |  1.3
Transmutations | 1 |  1.3
Fire Magic     | 1 |  1.3
Ice Magic      | 1 |  1.3
Air Magic      | 1 |  1.3
Earth Magic    | 1 |  1.3
Poison Magic   | 1 |  1.3
Hexes          | 4 |  4.0
Maces & Flails | |  6.7
Armour         | |  4.8
Stealth        | |  4.4

Action                   |  1- 3 |  4- 6 || total
-------------------------+-------+-------++-------
Melee: Mace              |   108 |   104 ||   212
       Bite              |    11 |    12 ||    23
       Punch             |     1 |       ||     1
 Stab: Sleeping          |     9 |     1 ||    10
  Eat: Chunk             |     3 |     5 ||     8
Armor: Ring mail         |    42 |    58 ||   100
Dodge: Dodged            |    45 |    71 ||   116
